 Dungeon Crawl Stone Soup version 0.32-a0-975-g85d4e5bfdb (webtiles) character file.

Game seed: 16348240491108230320

62 Maxmaps the Trooper (level 4, -6/50 HPs)
             Began as an Oni Shapeshifter on Apr 18, 2024.
             Mangled by a hobgoblin
             ... wielding a +1 glaive of venom
              (15 damage)
             ... on level 2 of the Dungeon.
             The game lasted 00:01:08 (1155 turns).

Maxmaps the Trooper (Oni Shapeshifter)              Turns: 1155, Time: 00:01:09

Health: -6/50      AC:  3    Str: 18    XL:     4   Next: 8%
Magic:  4/4        EV:  8    Int: 13    God:
Gold:   50         SH:  0    Dex:  8    Spells: 3/3 levels left

rFire   . . .        l - +0 whip
rCold   . . .        (no shield)
rNeg    . . .        a - +0 animal skin
rPois   .            (helmet currently unavailable)
rElec   .            (cloak currently unavailable)
rCorr   .            (gloves unavailable)
SInv    .            (boots unavailable)
Will    .....        (no amulet)
Stlth   +            (no ring)
HPRegen 0.28/turn    (no ring)
MPRegen 0.09/turn

%: no passive effects
@: lethally poisoned (-6 -> -34), beast-form
A: beast (slay +1), large, unfitting armour, horns 1, tough skin 1, double
potion healing, drunken brawling
a: Begin Untransformation


You were on level 2 of the Dungeon.
You were a hulking beast.
You visited 1 branch of the dungeon, and saw 2 of its levels.

You collected 50 gold pieces.

Inventory:

Hand Weapons
 l - a +0 whip (weapon)
Armour
 a - a +0 animal skin (worn)
Jewellery
 h - a ring of ice
 k - a ring of poison resistance
Talismans
 c - a beast talisman (active)
 d - a flux talisman
Scrolls
 e - a scroll of identify {unknown}
 f - a scroll of silence {unknown}
 g - 2 scrolls of teleportation {unknown}
 i - a scroll of fog {unknown}
 j - a scroll of vulnerability {unknown}
Potions
 b - a potion of lignification


   Skills:
 - Level 5.0 Fighting
 - Level 1.7 Dodging
 + Level 2.7 Unarmed Combat
 - Level 3.0 Shapeshifting


You had 3 spell levels left.
You didn't know any spells.
Your spell library contained the following spells:

 Spells                   Type           Power      Damage    Failure   Level
 Lesser Beckoning         Tloc           0%         N/A       43%         2
 Frozen Ramparts          Ice            0%         1d1       67%         3
 Maxwell's Portable Pile  Tloc           0%         2d(5-13)  67%         3
 Ozocubu's Armour         Ice            0%         N/A       67%         3
 Teleport Other           Tloc           0%         N/A       67%         3
 Metabolic Englaciation   Hex/Ice        0%         N/A       100%        5


Dungeon Overview and Level Annotations

Branches:
Dungeon (2/15)

Altars:

Shops:
D:1 (


Innate Abilities, Weirdness & Mutations

You are a hulking beast.
Your limbs bulge with bestial killing power. (Slay +1)
You are too large for most types of armour.
You have a pair of small horns on your head.
You have tough skin. (AC +1)
You gain doubled healing and magic from potions.
Whenever you drink a healing potion, you attack all around you.


Message History

A goblin comes into view. It is wielding a +0 club.
Found a scroll labelled LAVIPL NEETUR.
The goblin shouts!
Found 2 poisoned darts and a runed hand axe.
Found a stone staircase leading down.
You barely miss the goblin. You headbutt the goblin.
You kill the goblin!
A ball python zombie comes into view.
You hit the ball python zombie.
The ball python zombie is moderately damaged.
The ball python zombie barely misses you.
You hit the ball python zombie. You headbutt the ball python zombie.
You destroy the ball python zombie!
No target in view!
No target in view!
No target in view!
No target in view!
No target in view!
g - 2 scrolls labelled LAVIPL NEETUR (gained 1)
You enter the shallow water.
A hobgoblin comes into view. It is wielding a +1 glaive of venom.
The hobgoblin shouts!
The hobgoblin throws a stone.
The stone barely misses you.
A hobgoblin is nearby!
The hobgoblin throws a stone.
The stone hits you.
Jessica the Apprentice Sorceress comes into view.
She is wielding a +0 club.
You see here a +2 hat.
You hit Jessica.
Jessica is heavily wounded.
The hobgoblin hits you from afar with a +1 glaive of venom!
You are poisoned.
Jessica completely misses you.
The hobgoblin hits you from afar with a +1 glaive of venom!
You are more poisoned.
You hit Jessica. You headbutt Jessica.
You kill Jessica!
* * * LOW HITPOINT WARNING * * *
You feel extremely sick.
The hobgoblin hits you from afar with a +1 glaive of venom!
You die...

. # #. .# # ..P~ #.
#.#. #..#.~ #. #...
#.... #. #...# #..#
.§§ #.##..#.# ....
§.§ ..g....#. .#####
#.# #)....... ......
..#######h..#
.#######.#.....#[..#
.......#.#.###.....#
######.#.#..P......#
.....#.#.#..~~~~.#.#
####...#....~~~~.....
# #.......~~~~.#.###
# ##..)..P~~~~.#.# #
#.#.....~...# #


You could see a hobgoblin.

Vanquished Creatures
  Jessica (D:2)
  2 adders (D:2)
  An adder zombie (D:2)
  A ribbon worm (D:2)
  8 ball pythons
  2 bats (D:1)
  A bat zombie (D:2)
  2 giant cockroaches (D:1)
  A hobgoblin (D:2)
  3 jackals (D:2)
  A quokka (D:1)
  A ball python skeleton (D:2)
  2 ball python zombies (D:2)
  2 frilled lizards (D:1)
  A giant cockroach zombie (D:2)
  7 goblins
  A kobold (D:2)
  A quokka skeleton (D:2)
  A quokka zombie (D:2)
  A rat (D:1)
40 creatures vanquished.

Notes
Turn   | Place    | Note
-------+----------+-------------------------------------------
     0 | D:1      | Maxmaps the Oni Shapeshifter began the quest for the Orb.
     0 | D:1      | Reached XP level 1. HP: 19/19 MP: 1/1
    68 | D:1      | Reached skill level 2 in Fighting
   127 | D:1      | Reached XP level 2. HP: 29/29 MP: 2/2
   149 | D:1      | Found a faded altar of an unknown god.
   154 | D:1      | Reached skill level 3 in Fighting
   211 | D:1      | Found Hadupasu's Antique Weapon Emporium.
   700 | D:2      | Reached skill level 4 in Fighting
   700 | D:2      | Reached XP level 3. HP: 33/39 MP: 3/3
   994 | D:2      | Reached skill level 5 in Fighting
   994 | D:2      | Reached XP level 4. HP: 30/50 MP: 4/4
  1152 | D:2      | Noticed Jessica
  1155 | D:2      | Killed Jessica
  1155 | D:2      | Mangled by a hobgoblin

Illustrated notes

Levels and vault maps discovered:
D:1:      lightli_arrival_boilingwater, layout_loops_ring, serial_shops, shop,
          nicolae_ecumenical_snake_handling, corner_web_ring, item_on_display_a
D:2:      layout_basic, serial_undead, serial_undead_a, serial_undead_f,
          serial_undead_b, serial_undead_f, serial_undead_f, serial_undead_f,
          serial_undead_f, serial_undead_a, uniq_jessica

Skill      XL: |  1  2  3 |
---------------+----------+-----
Fighting       | 2 4 5 |  5.0
Dodging        | |  1.7
Unarmed Combat | |  2.7
Shapeshifting  | |  3.0

Action                     |  1- 3 |  4- 6 || total
---------------------------+-------+-------++-------
  Melee: Unarmed           |    90 |     6 ||    96
         Headbutt          |    15 |     5 ||    20
         Punch             |     2 |     1 ||     3
         Whip              |       |     5 ||     5
 Armour: Animal skin       |    82 |     7 ||    89
  Dodge: Dodged            |    48 |     5 ||    53

Table legend: (Time is in decaauts)
 A = Elapsed time spent in this place.
 B = Non-inter-level travel time spent in this place.
 C = Inter-level travel time spent in this place.
 D = Time resting spent in this place.
 E = Time spent auto-exploring this place.
 F = Levels seen in this place.
 G = Mean time per level.
                   A        B        C        D        E       F      G
               +--------+--------+--------+--------+--------+-----+--------+
         Total |   1149 |   1096 |     53 |      0 |    886 |   2 |  574.5 |
       Dungeon |   1149 |   1096 |     53 |      0 |    886 |   2 |  574.5 |
               +--------+--------+--------+--------+--------+-----+--------+

Top non-repeatable levels by time:
     D:1: 622 daAuts
     D:2: 527 daAuts
